[Event "27th CRO-chT Women 2018"]
[Site "Biograd"]
[Date "2018.09.13"]
[Round "7.5"]
[White "Lakos, Nikoletta"]
[Black "Janzelj, Lara"]
[Result "0-1"]
[ECO "C55"]
[WhiteElo "2258"]
[BlackElo "2254"]
[Annotator "NA"]
[PlyCount "80"]
[EventDate "2018.09.08"]
[EventType "team-tourn"]
[EventCountry "CRO"]
[SourceTitle "playchess.com"]
[Source "ChessBase"]
[SourceQuality "1"]
[TimeControl "40/5400+30:1800+30"]

1. e4 e5 2. Nf3 Nc6 3. Bc4 Nf6 4. d3 h6 5. c3 d6 6. Bb3 g5 {[%emt 0:06:30] C55: Zweispringerspiel} (6... Qe7 7. Nbd2 g6 8. Nf1 Bg7 9. Ne3 O-O 10. O-O Nd8 11. Re1 c6 12. h3 Ne6 13. g3 Nc5 14. Kg2 Nxb3 15. axb3 {0-1 (44) Tsydypov,Z (2529)-Fedoseev,V (2731) Sochi 2017}) 7. Nbd2 $146 ({Vorgänger:} 7. h4 g4 8. Nh2 Ne7 9. Nd2 d5 10. Qe2 d4 11. Nc4 Ng6 12. h5 Nxh5 13. Nxg4 Nhf4 14. Bxf4 Nxf4 {1-0 (29) Kofidis,A (2415)-Tsougievski Nikea 2000}) 7... Bg7 8. Nc4 Be6 9. Ne3 d5 10. Ba4 O-O 11. Bxc6 bxc6 12. Nxe5 dxe4 13. dxe4 Qe8 14. Qa4 (14. f3 $11 {keeps the balance.}) 14... c5 15. Qxe8 Rfxe8 16. f3 Nxe4 17. fxe4 Bxe5 18. O-O Rad8 19. h3 Kg7 20. Rd1 Kg6 21. Rxd8 Rxd8 22. Kf2 Bc8 23. Nd5 Rd7 24. Ne3 Bb7 25. Nc4 Bg7 26. Be3 Bxe4 27. Bxc5 a6 28. g3 (28. Be3 $15) 28... Rd5 29. Be3 Rf5+ 30. Ke2 Bf3+ 31. Kd2 {[%emt 0:01:25] [#]} (31. Kd3 {ist eine bessere Verteidigung.}) 31... Bd5 $1 32. Na3 Rf3 $19 33. Rg1 Be5 34. Nc2 Rxg3 35. Nd4 Rxg1 36. Bxg1 Bg2 37. h4 gxh4 38. Ke2 h3 39. Nf3 Bxf3+ 40. Kxf3 h2 0-1

[Event "27th CRO-chT Women 2018"]
[Site "Biograd"]
[Date "2018.09.13"]
[Round "7.6"]
[White "Kruljac, Petra"]
[Black "Stadler, Brigita"]
[Result "1/2-1/2"]
[ECO "A03"]
[WhiteElo "2069"]
[BlackElo "2067"]
[Annotator "NA"]
[PlyCount "40"]
[EventDate "2018.09.08"]
[EventType "team-tourn"]
[EventCountry "CRO"]
[SourceTitle "playchess.com"]
[Source "ChessBase"]
[SourceQuality "1"]
[TimeControl "40/5400+30:1800+30"]

1. b3 Nf6 2. Bb2 d5 3. e3 Bf5 4. f4 e6 5. Nf3 Nbd7 6. Be2 Ne4 7. O-O Ndf6 8. Ne5 h5 9. d3 Nd6 10. c4 c6 11. c5 Nb5 12. b4 a5 13. a3 axb4 $16 14. axb4 Rxa1 15. Bxa1 Qa8 16. Bb2 Be7 17. Bf3 b6 18. e4 Bg4 19. Bxg4 hxg4 20. Nxg4 bxc5 1/2-1/2

[Event "27th CRO-chT Women 2018"]
[Site "Biograd"]
[Date "2018.09.13"]
[Round "7.10"]
[White "Sulc, Gordana"]
[Black "Ivekovic, Tihana"]
[Result "0-1"]
[ECO "B42"]
[WhiteElo "1866"]
[BlackElo "2114"]
[Annotator "ChessBase"]
[PlyCount "118"]
[EventDate "2018.09.08"]
[EventType "team-tourn"]
[EventCountry "CRO"]
[SourceTitle "playchess.com"]
[Source "ChessBase"]
[SourceQuality "1"]
[TimeControl "40/5400+30:1800+30"]

1. e4 c5 2. Nf3 e6 3. d4 cxd4 4. Nxd4 a6 5. Bd3 Nf6 6. Qe2 d6 7. c4 Qc7 8. O-O g6 9. Nc3 Bg7 10. Be3 O-O 11. Rac1 Nbd7 12. Kh1 b6 13. f4 Bb7 14. Bg1 Nc5 15. Bb1 Rac8 16. b3 Rfe8 17. Nf3 Nh5 18. Ne1 Qc6 19. Bxc5 bxc5 20. Nd3 Bxc3 21. Rxc3 Qxe4 22. Nc1 Qxe2 23. Nxe2 d5 24. Ng3 Nf6 25. Re1 Ng4 26. h3 d4 27. hxg4 dxc3 28. Ne2 Red8 29. Nxc3 Rd4 30. Be4 Bxe4 31. Nxe4 f5 32. gxf5 exf5 33. Ng5 h6 34. Nf3 Re4 35. Rd1 Rc6 36. Ne5 Re6 37. Rd8+ Kg7 38. Rd7+ Kf8 39. Rd8+ Ke7 40. Rd7+ Ke8 41. Rd5 Rxf4 42. Nd3 Rd4 43. Nxc5 Re1+ 44. Kh2 Rxd5 45. cxd5 a5 46. Nb7 a4 47. bxa4 Ra1 48. Kg3 Rxa2 49. a5 Ra4 50. Kf3 g5 51. g3 Ra3+ 52. Kf2 g4 53. Nd6+ Kd7 54. Nc4 Rc3 55. Ne3 Rc5 56. Nxf5 h5 57. Ng7 Rxd5 58. a6 Kc6 59. Ke3 Rg5 0-1

[Event "27th CRO-chT Women 2018"]
[Site "Biograd"]
[Date "2018.09.13"]
[Round "7.11"]
[White "Cvitan, Ena"]
[Black "Mican, Karmela"]
[Result "1-0"]
[ECO "D02"]
[WhiteElo "2009"]
[BlackElo "1890"]
[Annotator "NA"]
[PlyCount "31"]
[EventDate "2018.09.08"]
[EventType "team-tourn"]
[EventCountry "CRO"]
[SourceTitle "playchess.com"]
[Source "ChessBase"]
[SourceQuality "1"]
[TimeControl "40/5400+30:1800+30"]

1. d4 d5 2. Nf3 Nf6 3. Bf4 e6 4. e3 Be7 5. Bd3 Nh5 6. Be5 f6 7. Nh4 fxe5 $2 (7... g6 $11 8. Bg3 Kf7) 8. Qxh5+ Kd7 9. Nf3 Nc6 10. Bb5 ({Resist} 10. Nxe5+ $6 Nxe5 11. Qxe5 Bf6 $16) ({But not} 10. dxe5 $6 Nb4 $16) 10... Bf6 11. Nxe5+ Bxe5 12. Qxe5 Qe7 13. Nd2 $18 b6 14. c4 dxc4 15. d5 exd5 16. Bxc6+ 1-0

[Event "27th CRO-chT Women 2018"]
[Site "Biograd"]
[Date "2018.09.13"]
[Round "7.12"]
[White "Lijic, Kristina"]
[Black "Vujnovic, Patricija"]
[Result "1/2-1/2"]
[ECO "D12"]
[WhiteElo "1715"]
[BlackElo "2056"]
[Annotator "NA RC"]
[PlyCount "150"]
[EventDate "2018.09.08"]
[EventType "team-tourn"]
[EventCountry "CRO"]
[SourceTitle "playchess.com"]
[Source "ChessBase"]
[SourceQuality "1"]
[TimeControl "40/5400+30:1800+30"]

1. c4 e6 2. Nf3 d5 3. cxd5 exd5 4. d4 c6 5. Nc3 Bf5 6. e3 Nf6 7. Bd3 Bxd3 8. Qxd3 Bd6 9. O-O {[%emt 0:01:30] D12: Slav Defence: 3 Nf3 Nf6 4 e3 Bf5} (9. Ne5 Bxe5 10. dxe5 Nfd7 11. e4 Nxe5 12. Qg3 Ng6 13. exd5 cxd5 14. Bg5 f6 15. O-O-O O-O 16. Rxd5 Qc8 {½-½ (32) Frosch,R (2302)-Kreisl,R (2444) Austria 2017}) 9... O-O 10. e4 dxe4 11. Nxe4 Nxe4 12. Qxe4 Nd7 13. Be3 $146 ({Predecessor:} 13. Bg5 Qc7 14. Rfe1 Nb6 15. g3 Nd5 16. Nh4 Qd7 {½-½ (56) Valles Mata,D (2150)-Gomez Anadon,D (2256) Spain 2010}) 13... Nf6 14. Qc2 Qc7 15. h3 Rfe8 16. Qf5 Qd7 17. Qxd7 Nxd7 18. Rac1 Nb6 19. Nd2 Nd5 20. Nc4 Bc7 21. Rfe1 Re4 22. f3 Re6 23. Bd2 Rae8 24. Kf1 Bg3 25. Rxe6 Rxe6 26. Na5 Re7 27. b4 a6 28. a4 Rc7 29. Nb3 h5 30. Nc5 Bd6 31. Nd3 g6 32. Re1 Kg7 33. Re4 Nf6 34. Re1 Rd7 35. Bc3 Bg3 36. Re2 Nd5 37. Bd2 Bd6 38. g4 h4 39. Re4 f6 40. Ke1 Nb6 41. Nb2 Kf7 42. Ke2 Bg3 43. Kd3 Bd6 44. Kc3 Nd5+ 45. Kb3 Bg3 46. Nd3 f5 47. Re2 Nc7 48. Kc3 Ne6 49. Be3 Bc7 50. Bf2 fxg4 51. fxg4 g5 52. Be3 Rd5 53. Rf2+ Kg6 54. Nc5 Nxc5 55. dxc5 Be5+ 56. Kc4 Rd1 57. Rf5 Bf6 58. Rf3 Rb1 59. Bd2 Rg1 60. Be3 Rg2 61. Kd3 Ra2 62. a5 Ra3+ 63. Ke2 Ra2+ 64. Kd3 Be5 65. Rf5 Ra3+ 66. Ke4 Bf6 67. Rf3 Rb3 68. Bd2 Rb1 69. Kd3 Rh1 70. Ke4 Rh2 71. Rd3 Re2+ 72. Kf3 Rh2 73. Ke4 Re2+ $11 74. Kf3 Rh2 75. Ke4 Re2+ 1/2-1/2

[Event "27th CRO-chT Women 2018"]
[Site "Biograd"]
[Date "2018.09.14"]
[Round "8.1"]
[White "Ivekovic, Ana"]
[Black "Repkova, Eva"]
[Result "1/2-1/2"]
[ECO "E18"]
[WhiteElo "2118"]
[BlackElo "2288"]
[Annotator "ChessBase"]
[PlyCount "38"]
[EventDate "2018.09.08"]
[EventType "team-tourn"]
[EventCountry "CRO"]
[SourceTitle "playchess.com"]
[Source "ChessBase"]
[SourceQuality "1"]
[TimeControl "40/5400+30:1800+30"]

1. d4 e6 2. c4 Nf6 3. Nf3 b6 4. g3 Bb7 5. Bg2 d6 6. b3 Nbd7 7. Bb2 Be7 8. O-O O-O 9. Nbd2 Ne4 10. Nxe4 Bxe4 11. Nd2 Bxg2 12. Kxg2 f5 13. e4 Qe8 14. Qe2 Qf7 15. f4 Rfe8 16. Rad1 Rad8 17. Nf3 Qh5 18. Rfe1 Nf8 19. d5 fxe4 1/2-1/2

[Event "27th CRO-chT Women 2018"]
[Site "Biograd"]
[Date "2018.09.14"]
[Round "8.2"]
[White "Medic, Mirjana"]
[Black "Spiranec, Noemi"]
[Result "1-0"]
[ECO "E55"]
[WhiteElo "2167"]
[BlackElo "2035"]
[Annotator "NA"]
[PlyCount "73"]
[EventDate "2018.09.08"]
[EventType "team-tourn"]
[EventCountry "CRO"]
[SourceTitle "playchess.com"]
[Source "ChessBase"]
[SourceQuality "1"]
[TimeControl "40/5400+30:1800+30"]

1. d4 Nf6 2. c4 e6 3. Nc3 Bb4 4. e3 O-O 5. Bd3 d5 6. Nf3 c5 7. O-O dxc4 8. Bxc4 Nbd7 9. Qb3 Bxc3 10. bxc3 Qc7 11. Re1 cxd4 12. exd4 Nb6 13. Bd3 Bd7 14. c4 Bc6 15. Ne5 Rfd8 16. Be3 Be4 17. Bf1 h6 18. f3 Bh7 19. Rad1 Rac8 20. Bf2 Nfd7 21. Bg3 Nxe5 22. Bxe5 Qc6 23. c5 Nd7 24. Bb5 Qd5 25. Qxd5 exd5 26. Bd6 Bf5 27. Re7 a6 28. Ba4 b5 29. Bb3 Be6 30. Re1 Rc6 31. Bc2 Rdc8 32. R1xe6 fxe6 33. Rxd7 a5 34. Bg6 Ra6 35. Bf7+ Kh8 36. Bxe6 Re8 37. Bxd5 1-0

[Event "27th CRO-chT Women 2018"]
[Site "Biograd"]
[Date "2018.09.14"]
[Round "8.3"]
[White "Kuhar, Larisa"]
[Black "Roklicer, Heike"]
[Result "1/2-1/2"]
[ECO "B16"]
[WhiteElo "1912"]
[BlackElo "2042"]
[Annotator "NA"]
[PlyCount "130"]
[EventDate "2018.09.08"]
[EventType "team-tourn"]
[EventCountry "CRO"]
[SourceTitle "playchess.com"]
[Source "ChessBase"]
[SourceQuality "1"]
[TimeControl "40/5400+30:1800+30"]

1. e4 c6 2. d4 d5 3. Nc3 dxe4 4. Nxe4 Nf6 5. Nxf6+ gxf6 6. c3 Bf5 7. Nf3 e6 8. g3 Qb6 {[%emt 0:00:00] B16: Caro-Kann (Nimzowitsch-Variante)} (8... h5 9. Bg2 Be4 10. O-O Be7 11. Re1 f5 12. h4 Nd7 13. Ng5 Bxg2 14. Kxg2 Nf8 15. Qe2 Ng6 16. a4 {1-0 (35) Sitnikov,A (2438)-Poliakov,V (2418) Kremennaya 2017}) 9. Bg2 Qa6 10. Bf1 Qa5 $146 11. Qe2 Qd5 12. Bg2 Qe4 13. Be3 Qd3 14. Nh4 Qxe2+ 15. Kxe2 Bg6 16. Nxg6 fxg6 17. Rhe1 Bd6 18. Kd3 Na6 19. Bh6 Kf7 20. h4 Rad8 21. Bh3 Rhe8 22. Kc2 Nc7 23. Re2 c5 24. dxc5 Bxc5 25. Rae1 Re7 26. a3 a5 27. b4 axb4 28. axb4 Ba7 29. Kb3 Ree8 30. Bg2 Rb8 31. Ra2 Bb6 32. Rd1 Ke7 33. c4 Na8 34. c5 Bc7 35. Ra7 Red8 36. Rxd8 Kxd8 37. Bxb7 Nb6 38. cxb6 Bxb6 39. Ra8 Rxa8 40. Bxa8 Bxf2 41. g4 Bxh4 42. Be3 Bg3 43. b5 Bb8 44. Kc4 h5 45. gxh5 gxh5 46. Bf3 h4 47. b6 h3 48. Kc5 Kd7 49. Bc6+ Kd8 50. Kb5 h2 51. Bc5 f5 52. Bf8 e5 53. Bh1 $2 (53. Bg2 $18 {is the precise move to win.} e4 54. Bc5) 53... Kd7 54. Kc5 e4 $11 55. Kd5 Bg3 56. Bc5 Bb8 57. Bd4 Bg3 58. Kc5 Bb8 59. Kb5 Kd6 $1 60. Kc4 Kc6 61. Bf2 Be5 62. Bc5 Bb8 63. Be3 Be5 64. Bf2 Bb8 65. Bd4 Bg3 1/2-1/2

[Event "27th CRO-chT Women 2018"]
[Site "Biograd"]
[Date "2018.09.14"]
[Round "8.4"]
[White "Smetisko, Marija"]
[Black "Dejanovic, Tereza"]
[Result "1/2-1/2"]
[ECO "B85"]
[WhiteElo "1900"]
[BlackElo "1815"]
[Annotator "NA"]
[PlyCount "57"]
[EventDate "2018.09.08"]
[EventType "team-tourn"]
[EventCountry "CRO"]
[SourceTitle "playchess.com"]
[Source "ChessBase"]
[SourceQuality "1"]
[TimeControl "40/5400+30:1800+30"]

1. e4 c5 2. Nf3 d6 3. d4 cxd4 4. Nxd4 Nf6 5. Nc3 a6 6. Be2 e6 7. Be3 Be7 8. O-O O-O 9. a4 Nc6 10. Nb3 b6 11. f4 Bb7 12. Bf3 Qc7 13. Qd2 Nd7 14. Rad1 Rfd8 15. Qf2 $11 {[%emt 0:05:30] LiveBook: 5 Games} Bf6 16. Qd2 Nc5 17. Nd4 Rac8 18. Bg4 Qe7 19. Bf3 Nxd4 20. Bxd4 Bxd4+ 21. Qxd4 Bc6 22. Rfe1 Qb7 23. Re2 Qd7 24. b3 Qc7 25. Red2 a5 26. Be2 Qb7 27. Bf3 Qc7 28. Be2 Qb7 29. Bf3 1/2-1/2

[Event "27th CRO-chT Women 2018"]
[Site "Biograd"]
[Date "2018.09.14"]
[Round "8.5"]
[White "Videkovic, Marina"]
[Black "Rozman, Monika"]
[Result "0-1"]
[ECO "A11"]
[WhiteElo "1833"]
[BlackElo "2037"]
[Annotator "NA"]
[PlyCount "92"]
[EventDate "2018.09.08"]
[EventType "team-tourn"]
[EventCountry "CRO"]
[SourceTitle "playchess.com"]
[Source "ChessBase"]
[SourceQuality "1"]
[TimeControl "40/5400+30:1800+30"]

1. Nf3 Nf6 2. g3 g6 3. b3 Bg7 4. Bb2 O-O 5. Bg2 c6 6. c4 d5 7. Na3 Re8 8. O-O Bf5 9. d3 Nbd7 10. Nh4 e5 11. Nxf5 gxf5 12. e3 Nf8 13. Bh3 f4 14. exf4 exf4 15. Qf3 Ng6 16. Rad1 Ne4 17. dxe4 Bxb2 18. exd5 Bxa3 19. dxc6 Qb6 20. cxb7 Rad8 21. Rxd8 Rxd8 22. Bc8 Bd6 23. Rd1 Bb8 24. Rxd8+ Qxd8 25. c5 Qf6 26. Qd1 Ne5 27. Qh5 h6 28. a3 Nd3 29. Qg4+ Kh8 30. Qe2 Nxc5 31. Qe8+ Kg7 32. Bh3 Qe5 33. Qb5 Qe1+ 34. Bf1 Ne4 35. Qe2 Qxe2 36. Bxe2 Nc5 37. Bf3 Nxb3 38. a4 Kf6 39. h4 fxg3 40. fxg3 Bxg3 41. h5 Bb8 42. Kf2 Ke5 43. Ke3 f5 44. Bc6 Kd6 45. Bf3 Kc5 46. Bd1 Kb4 0-1

[Event "27th CRO-chT Women 2018"]
[Site "Biograd"]
[Date "2018.09.14"]
[Round "8.6"]
[White "Blazeka, Mihaela"]
[Black "Grgic, Neomi"]
[Result "0-1"]
[ECO "C96"]
[WhiteElo "2048"]
[BlackElo "1851"]
[Annotator "NA"]
[PlyCount "66"]
[EventDate "2018.09.08"]
[EventType "team-tourn"]
[EventCountry "CRO"]
[SourceTitle "playchess.com"]
[Source "ChessBase"]
[SourceQuality "1"]
[TimeControl "40/5400+30:1800+30"]

1. e4 e5 2. Nf3 Nc6 3. Bb5 a6 4. Ba4 Nf6 5. O-O Be7 6. d3 b5 7. Bb3 d6 8. c3 O-O 9. h3 Na5 10. Bc2 c5 11. Nbd2 Qc7 12. Re1 Nc6 13. Nf1 Ne8 14. Ne3 Be6 15. Qe2 Bf6 16. Nh2 g6 17. g4 Ne7 18. Ng2 d5 19. Bh6 Bg7 20. Bxg7 Nxg7 21. exd5 Bxd5 22. Qxe5 Qc6 23. Nf4 Rae8 24. Nxd5 Nxd5 25. Qg3 Ne6 26. Nf3 Nef4 27. Ne5 Qc7 28. c4 Nb4 29. Re4 g5 30. h4 Rxe5 31. Rae1 Rxe4 32. Rxe4 Nxc2 33. hxg5 Nd4 0-1

[Event "27th CRO-chT Women 2018"]
[Site "Biograd"]
[Date "2018.09.14"]
[Round "8.7"]
[White "Raguz, Ivanka"]
[Black "Ljikar, Tamara"]
[Result "0-1"]
[ECO "B47"]
[WhiteElo "1706"]
[BlackElo "1920"]
[Annotator "NA"]
[PlyCount "62"]
[EventDate "2018.09.08"]
[EventType "team-tourn"]
[EventCountry "CRO"]
[SourceTitle "playchess.com"]
[Source "ChessBase"]
[SourceQuality "1"]
[TimeControl "40/5400+30:1800+30"]

1. e4 c5 2. Nf3 e6 3. d4 cxd4 4. Nxd4 Nc6 5. g3 Nf6 6. Bg2 Qc7 7. O-O Be7 8. Nc3 a6 9. Nde2 Rb8 10. f4 d6 11. Kh1 O-O 12. Be3 b5 13. a3 Bb7 14. Bf3 Na5 15. g4 Nc4 16. Qc1 Nxe3 17. Qxe3 Rfd8 18. g5 Nd7 19. Ng3 Nb6 20. b3 d5 21. exd5 Nxd5 22. Nxd5 Bxd5 23. Bxd5 Rxd5 24. Qe2 Rbd8 25. Ne4 Qc6 26. Qg2 Kh8 27. c3 Rd3 28. f5 exf5 29. Rxf5 Qe6 30. Raf1 Rd1 31. b4 Qxf5 0-1

[Event "27th CRO-chT Women 2018"]
[Site "Biograd"]
[Date "2018.09.14"]
[Round "8.8"]
[White "Blazeka, Ivana"]
[Black "Ivekovic, Zvjezdana"]
[Result "0-1"]
[ECO "B13"]
[WhiteElo "1610"]
[BlackElo "1703"]
[Annotator "NA"]
[PlyCount "88"]
[EventDate "2018.09.08"]
[EventType "team-tourn"]
[EventCountry "CRO"]
[SourceTitle "playchess.com"]
[Source "ChessBase"]
[SourceQuality "1"]
[TimeControl "40/5400+30:1800+30"]

1. e4 c6 2. d4 d5 3. exd5 cxd5 4. Bd3 Nc6 5. c3 Nf6 6. Bf4 e6 7. Nd2 Bd6 8. Bxd6 Qxd6 9. Ngf3 O-O 10. Qe2 Re8 11. Ne5 Ne7 12. O-O Ng6 13. Nxg6 hxg6 14. Nf3 b6 15. Rfe1 Nh5 16. Qe5 Qxe5 17. Nxe5 a5 18. Re3 Ba6 19. Bxa6 Rxa6 20. Rc1 b5 21. Nd7 Nf6 22. Nxf6+ gxf6 23. f4 Rb6 24. h3 Rc8 25. Rd1 Rc4 26. b3 Rc7 27. Rdd3 Rbc6 28. Kf2 Kh7 29. b4 axb4 30. cxb4 Rc2+ 31. Re2 Rc1 32. a3 g5 33. g3 gxf4 34. gxf4 Kg6 35. Kg3 Kf5 36. Rf2 Ke4 37. Rff3 Rc8 38. Rfe3+ Kf5 39. Rf3 Rg8+ 40. Kf2 Rc2+ 41. Kf1 Rc1+ 42. Kf2 Rgg1 43. Ke2 Rg2+ 44. Rf2 Rc2+ 0-1

[Event "27th CRO-chT Women 2018"]
[Site "Biograd"]
[Date "2018.09.14"]
[Round "8.9"]
[White "Kejzar, Petra"]
[Black "Krivec, Jana"]
[Result "1-0"]
[ECO "A21"]
[WhiteElo "2067"]
[BlackElo "2185"]
[Annotator "NA"]
[PlyCount "99"]
[EventDate "2018.09.08"]
[EventType "team-tourn"]
[EventCountry "CRO"]
[SourceTitle "playchess.com"]
[Source "ChessBase"]
[SourceQuality "1"]
[TimeControl "40/5400+30:1800+30"]

1. c4 e5 2. Nc3 d6 3. g3 g6 4. Bg2 Bg7 5. d3 f5 6. e4 Ne7 7. Nge2 O-O 8. Bg5 h6 9. Bd2 Nbc6 $11 10. Qb3 fxe4 11. dxe4 Bg4 12. O-O Bf3 13. Bxf3 Rxf3 14. Kg2 Qf8 15. c5+ Kh7 16. cxd6 cxd6 17. Qe6 Rd8 18. Rad1 d5 19. exd5 Nd4 20. Nxd4 exd4 21. d6 Nc8 22. Ne4 Nxd6 23. Bb4 Rf6 24. Nxf6+ Qxf6 25. Qxf6 Bxf6 26. Bxd6 Rxd6 27. Rc1 Rd7 28. Rfd1 g5 29. g4 Be5 30. Rd3 Kg6 31. Rc5 Bf6 32. Kf3 Rf7 33. Rf5 h5 34. h3 h4 35. Ke4 Re7+ 36. Kd5 Re2 37. Rb3 b6 38. Kc4 Rc2+ 39. Kd3 Rc1 40. Kd2 Rc6 41. Rd5 Rc7 42. Rbb5 Rf7 43. Rd6 Kg7 44. Rf5 Kg6 45. Kd3 Kg7 46. Rdxf6 Rxf6 47. Rxf6 Kxf6 48. Kxd4 a5 49. Ke4 b5 50. f4 1-0

[Event "27th CRO-chT Women 2018"]
[Site "Biograd"]
[Date "2018.09.14"]
[Round "8.11"]
[White "Mican, Karmela"]
[Black "Starcevic, Andrea"]
[Result "1/2-1/2"]
[ECO "B48"]
[WhiteElo "1890"]
[BlackElo "1893"]
[Annotator "NA"]
[PlyCount "83"]
[EventDate "2018.09.08"]
[EventType "team-tourn"]
[EventCountry "CRO"]
[SourceTitle "playchess.com"]
[Source "ChessBase"]
[SourceQuality "1"]
[TimeControl "40/5400+30:1800+30"]

1. e4 c5 2. Nf3 e6 3. d4 cxd4 4. Nxd4 a6 5. Be3 Qc7 6. Nc3 Nc6 7. a3 Nf6 8. Be2 Be7 9. O-O O-O 10. f4 d6 11. Kh1 Bd7 12. Qe1 Na5 13. Rd1 $14 Rac8 14. Qg3 Nc4 15. Bc1 b5 16. f5 Ne5 17. Bh6 g6 18. Bxf8 Rxf8 19. Qh3 Nc4 20. Bxc4 Qxc4 21. Qd3 Rc8 22. Rf3 Qxd3 23. Rfxd3 Ng4 24. R3d2 Ne3 25. Rb1 Nc4 26. Rd3 Ne5 27. Rh3 Nc4 28. Kg1 Bf6 29. Nde2 exf5 30. Nd5 Bd8 31. exf5 Bxf5 32. Rc3 Kg7 33. b4 Bg5 34. Nef4 Re8 35. g3 Bd8 36. h4 h6 37. Ng2 Re5 38. Nge3 Nxe3 39. Nxe3 Bb6 40. Re1 Bd4 41. Rc6 Bxe3+ 42. Kh2 1/2-1/2

[Event "27th CRO-chT Women 2018"]
[Site "Biograd"]
[Date "2018.09.14"]
[Round "8.12"]
[White "Tomulic, Vesna"]
[Black "Lijic, Kristina"]
[Result "1/2-1/2"]
[ECO "B57"]
[WhiteElo "1837"]
[BlackElo "1715"]
[Annotator "NA"]
[PlyCount "93"]
[EventDate "2018.09.08"]
[EventType "team-tourn"]
[EventCountry "CRO"]
[SourceTitle "playchess.com"]
[Source "ChessBase"]
[SourceQuality "1"]
[TimeControl "40/5400+30:1800+30"]

1. e4 c5 2. Nf3 d6 3. Bc4 Nc6 4. d4 cxd4 5. Nxd4 Nf6 6. Nc3 g6 7. Nxc6 bxc6 8. e5 Ng8 9. Qf3 e6 10. Qxc6+ Bd7 11. Qf3 dxe5 $18 (11... Rb8 $16) 12. O-O Rb8 13. Ne4 Qc7 14. Bb3 Be7 15. Ng5 Nf6 16. Re1 Qa5 (16... O-O $11) 17. Be3 O-O 18. Rad1 Rfc8 19. Bd2 Qc7 20. Bc3 Rb5 21. a4 Bc6 22. Qh3 Rxb3 23. cxb3 h5 24. Bxe5 Qb7 25. Nxf7 Kxf7 26. Bxf6 Bxf6 27. Qxe6+ Kg7 28. Rd6 Bxb2 29. Qxg6+ Kf8 30. Qf5+ Kg8 31. Rg6+ Bg7 32. Qg5 Qd7 33. h3 Rc7 34. Rge6 Qd4 35. Rc1 Qd7 36. Qf5 Rc8 37. Rce1 Rf8 38. Qxh5 Qd2 39. Qe2 Qd5 40. Rg6 Rf6 41. Qg4 Rxg6 42. Qxg6 Qd2 43. Qe6+ Kh8 44. Qc8+ Kh7 45. Qf5+ Kg8 46. Qc8+ Kh7 47. Qf5+ 1/2-1/2

[Event "27th CRO-chT Women 2018"]
[Site "Biograd"]
[Date "2018.09.15"]
[Round "9.1"]
[White "Lakos, Nikoletta"]
[Black "Ivekovic, Ana"]
[Result "1/2-1/2"]
[ECO "C54"]
[WhiteElo "2258"]
[BlackElo "2118"]
[Annotator "NA"]
[PlyCount "53"]
[EventDate "2018.09.08"]
[EventType "team-tourn"]
[EventCountry "CRO"]
[SourceTitle "playchess.com"]
[Source "ChessBase"]
[SourceQuality "1"]
[TimeControl "40/5400+30:1800+30"]

1. e4 e5 2. Nf3 Nc6 3. Bc4 Bc5 4. c3 Nf6 5. d3 d6 6. Bb3 h6 {[%emt 0:01:30] LiveBook: 126 Games} 7. Nbd2 {[%emt 0:01:30] C54: Giuoco Piano: 4 c3 Nf6, main lines with 5 d4 and 5 d3} O-O 8. Nf1 (8. h3 a5 9. O-O Be6 10. Bc2 b5 11. Re1 Qb8 12. Nb3 Bb6 13. a4 Qa7 14. Be3 Bxe3 15. Rxe3 bxa4 {½-½ (42) Ter Sahakyan,S (2563)-Petrosyan,M (2570) Yerevan 2018}) 8... Be6 9. Ng3 d5 10. Qe2 Qe7 $146 ({Predecessor:} 10... Re8 11. O-O a6 12. h3 Qd7 13. Nh2 Rad8 14. Rd1 d4 15. Bxe6 Rxe6 {½-½ (44) Zhang,X (2119)-Bai,J (2250) Beijing 2012}) 11. O-O dxe4 12. dxe4 a5 13. Nh4 Bxb3 14. axb3 Qe6 15. Qb5 Bb6 16. Nhf5 Rfd8 17. Be3 Ra6 18. Qc4 Qxc4 19. bxc4 Bxe3 20. Nxe3 Rd2 21. Rfb1 Rb6 22. Ra2 $11 (22. b3 $14) 22... Rb3 23. Ngf1 Re2 24. Ng3 Rd2 25. Ngf1 Re2 26. Ng3 Rd2 27. Ngf1 1/2-1/2

[Event "27th CRO-chT Women 2018"]
[Site "Biograd"]
[Date "2018.09.15"]
[Round "9.2"]
[White "Spiranec, Noemi"]
[Black "Stadler, Brigita"]
[Result "1-0"]
[ECO "E67"]
[WhiteElo "2035"]
[BlackElo "2067"]
[Annotator "NA"]
[PlyCount "51"]
[EventDate "2018.09.08"]
[EventType "team-tourn"]
[EventCountry "CRO"]
[SourceTitle "playchess.com"]
[Source "ChessBase"]
[SourceQuality "1"]
[TimeControl "40/5400+30:1800+30"]

1. Nf3 Nf6 2. g3 g6 3. Bg2 Bg7 4. O-O O-O 5. d4 d6 6. c4 c6 7. Nc3 Nbd7 8. Qc2 Qc7 {[%emt 0:04:30] LiveBook: 11 Games} 9. b3 Rb8 10. Bb2 e5 11. Rfd1 exd4 12. Nxd4 Nc5 13. Rac1 Rd8 14. e4 $14 Ne6 15. Nce2 Qa5 16. a3 Nxd4 17. Nxd4 Qh5 18. f3 Nd7 19. b4 Ne5 20. Qb3 Bh3 21. Rc2 Bxg2 22. Kxg2 Rd7 23. h3 Bh6 24. Ne2 b5 25. g4 Qh4 26. Bxe5 1-0

[Event "27th CRO-chT Women 2018"]
[Site "Biograd"]
[Date "2018.09.15"]
[Round "9.3"]
[White "Sambolec, Andreja"]
[Black "Kuhar, Larisa"]
[Result "1/2-1/2"]
[ECO "B23"]
[WhiteElo "1864"]
[BlackElo "1912"]
[Annotator "NA"]
[PlyCount "54"]
[EventDate "2018.09.08"]
[EventType "team-tourn"]
[EventCountry "CRO"]
[SourceTitle "playchess.com"]
[Source "ChessBase"]
[SourceQuality "1"]
[TimeControl "40/5400+30:1800+30"]

1. e4 c5 2. Nc3 d6 3. f4 g6 4. Nf3 Bg7 5. Bc4 {[%emt 0:00:30] LiveBook: 429 Games} Nc6 6. O-O Nf6 $11 7. d3 O-O 8. Qe1 Be6 9. Bxe6 fxe6 10. Qh4 Nd4 11. Rf2 Qd7 12. Be3 Ne8 13. Raf1 Nc7 14. g4 Rad8 15. Rg2 b5 16. f5 Nxf3+ 17. Rxf3 Rf7 18. Rh3 Be5 19. fxg6 hxg6 20. Rf2 Qe8 21. Ne2 Qf8 22. Bh6 Bg7 23. Bf4 Bxb2 24. c3 Qg7 25. Bh6 Qh7 26. Rxf7 Kxf7 27. Rf3+ Ke8 1/2-1/2